AoeStats
← raaka-arska666

Arena

511331237Analyzed
2v2 RM · 15d ago on Oct 4, 2026· 42m 48s· 4 players
Game mode
Random Map
Map size
Medium (4 player)
Population
200
Speed
Normal
Resources
Standard
Victory
Conquest
Starting age
Dark Age
Ending age
Imperial Age
RankedLock teamsTeams togetherTeam positionsShared explorationLock speedFull tech treeHidden civsTurbo modeCheats
Victory
Defeat
🇨🇳 Poles · China
1215
+16
🇫🇷 Cumans · France
1178
+18
vs
🇫🇮 Khmer · Finland
1281
-19
🇸🇪 Franks · Sweden
1160
-15
MarceloSalass
9:31 Feudal Age
11:00 Double-Bit Axe
12:28 Horse Collar
15:40 Fletching
16:51 Loom
20:21 Town Watch
22:46 Castle Age
21:34 Padded Archer Armor
22:13 Wheelbarrow
23:05 Bloodlines
23:04 Scale Barding Armor
23:24 Bodkin Arrow
23:46 Hand Cart
23:03 Crossbowman
24:26 Thumb Ring
25:32 Ballistics
29:42 Imperial Age
28:28 Forging
29:01 Chain Barding Armor
29:58 Iron Casting
30:06 Heavy Plow
30:45 Stone Mining
32:19 Chemistry
33:21 Gold Mining
33:03 Elite Steppe Lancer
35:13 Masonry
35:00 Murder Holes
38:11 Plate Barding Armor
38:43 Blast Furnace
38:53 Crop Rotation
40:25 Steppe Husbandry
41:11 Leather Archer Armor
总有宦官暗算朕
10:26 Feudal Age
14:35 Castle Age
12:24 Double-Bit Axe
12:25 Horse Collar
14:41 Loom
17:17 Heavy Plow
19:53 Bow Saw
28:03 Imperial Age
26:43 Gold Mining
26:43 Stone Mining
27:29 Wheelbarrow
26:40 Town Watch
27:19 Szlachta Privileges
28:33 Scale Barding Armor
28:39 Forging
28:49 Husbandry
29:00 Bloodlines
28:22 Cavalier
29:25 Conscription
28:51 Light Cavalry
30:28 Crop Rotation
31:16 Chemistry
30:53 Iron Casting
30:38 Chain Barding Armor
31:28 Stone Shaft Mining
34:29 Blast Furnace
33:19 Fletching
34:15 Ballistics
34:03 Bodkin Arrow
37:19 Hoardings
37:04 Lechitic Legacy
36:05 Winged Hussar
37:21 Bracer
37:18 Elite Obuch
FedSmoker
11:14 Feudal Age
11:40 Double-Bit Axe
20:52 Castle Age
19:38 Forging
19:37 Scale Barding Armor
19:43 Forging
19:46 Gold Mining
24:42 Husbandry
24:07 Light Cavalry
28:02 Bow Saw
29:13 Iron Casting
30:46 Loom
36:43 Imperial Age
34:58 Fletching
raaka-arska666
11:11 Feudal Age
9:29 Loom
15:08 Castle Age
14:05 Double-Bit Axe
16:19 Bow Saw
19:21 Horse Collar
27:39 Wheelbarrow
28:51 Scale Barding Armor
30:07 Hand Cart
32:37 Imperial Age
29:57 Town Watch
30:06 Fletching
30:46 Scale Mail Armor
30:57 Forging
30:26 Pikeman
33:06 Halberdier
35:10 Conscription
35:14 Chain Barding Armor
36:57 Chain Mail Armor
37:18 Iron Casting
36:16 Elite Ballista Elephant
36:58 Double Crossbow
42:17 Hoardings
Connection lost

Rejoining the realm…

Still unreachable

The connection could not be restored.

Session expired

The server has moved on; the page needs a fresh start.